 Dungeon Crawl Stone Soup version 0.29.1-1-gd02db6906a (webtiles) character file.

Game seed: 1016081843042535736

47 smilodon the Conjurer (level 3, -2/19 HPs)
             Began as a Deep Elf Conjurer on Oct 7, 2022.
             Slain by an adder (4 damage)
             ... on level 3 of the Dungeon.
             The game lasted 00:04:47 (2091 turns).

smilodon the Conjurer (Deep Elf Conjurer)           Turns: 2091, Time: 00:04:48

Health: -2/19      AC:  2    Str:  4    XL:     3   Next: 48%
Magic:  10/10      EV: 12    Int: 24    God:
Gold:   134        SH:  0    Dex: 13    Spells: 4/9 levels left

rFire   + . .      SeeInvis .   (no weapon)
rCold   + . .      Faith    .   (no shield)
rNeg    . . .      Spirit   .   a - +0 robe
rPois   +          Reflect  .   (no helmet)
rElec   +          Harm     .   (no cloak)
rCorr   +          Rampage  .   (no gloves)
Will    .....                   (no boots)
Stlth   ++........              g - amulet of regeneration
HPRegen 0.00/turn               (no ring)
MPRegen 0.12/turn               (no ring)

@: lethally poisoned (-2 -> -4), resistant, inhibited regen
A: inhibited regeneration
a: no special abilities


You were on level 3 of the Dungeon.
You visited 1 branch of the dungeon, and saw 3 of its levels.

You collected 134 gold pieces.

Inventory:

Hand Weapons
 f - a +1 sling
Armour
 a - a +0 robe (worn)
Jewellery
 g - an amulet of regeneration (around neck)
Scrolls
 d - 2 scrolls of fog
Potions
 c - a potion of attraction


   Skills:
 - Level 2.4 Dodging
 - Level 2.4 Stealth
 + Level 3.9 Spellcasting
 + Level 4.9 Conjurations
 + Level 1.1 Air Magic
 + Level 1.1 Poison Magic


You had 4 spell levels left.
You knew the following spells:

 Your Spells              Type           Power      Damage    Failure   Level
a - Magic Dart            Conj           100%       1d8       1%          1
b - Poisonous Vapours     Pois/Air       20%        N/A       10%         2
c - Searing Ray           Conj           56%        2d6       1%          2

Your spell library contained the following spells:

 Spells                   Type           Power      Damage    Failure   Level
 Dazzling Flash           Conj/Hex       32%        N/A       11%         3
 Summon Guardian Golem    Hex/Summ       4%         N/A       30%         3
 Fulminant Prism          Conj/Hex       8%         3d7       34%         4
 Iskenderun's Mystic Bla  Conj/Tloc      16%        2d5       34%         4
 Corpse Rot               Necr/Pois/Air  8%         N/A       58%         4
 Orb of Destruction       Conj           14%        9d7       100%        7
 Spellforged Servitor     Conj/Summ      8%         N/A       100%        7


Dungeon Overview and Level Annotations

Branches:
Dungeon (3/15)

Altars:


Innate Abilities, Weirdness & Mutations

You do not regenerate when monsters are visible.


Message History

The stone hits you.
You hit the adder but do no damage. The adder bites you.
You hit the adder but do no damage. The adder barely misses you.
You closely miss the adder. The adder misses you. The adder bites you.
You barely miss the adder. The adder barely misses you.
You hit the adder.
The adder is lightly wounded.
The adder bites you.
You hit the adder but do no damage.
The adder is lightly wounded.
The adder bites you but does no damage. x2
The kobold hits you with a +0 dagger.
You hit the adder.
The adder is lightly wounded.
The adder closely misses you. The kobold hits you with a +0 dagger.
You hit the adder.
The adder is moderately wounded.
The adder closely misses you. The kobold barely misses you.
You hit the adder but do no damage.
The adder is moderately wounded.
The adder closely misses you. The kobold hits you but does no damage.
The adder bites you.
Unknown command.
Aiming: Magic Dart (safe; 1% risk of failure)
Press: ? - help, Q - select action, (/) - cycle Shift-Dir - straight line, f - adder
Aim: an adder (moderately wounded, 100% to hit)
Okay, then.
Okay, then.
Okay, then.
The adder attacks as you move away! The adder closely misses you.
The adder attacks as you move away! The adder bites you.
* * * LOW HITPOINT WARNING * * *
You are lethally poisoned!
The adder poisons you!
* * * LOW HITPOINT WARNING * * *
You feel sick.
You feel protected.
* * * LOW HITPOINT WARNING * * *
You feel sick. The adder bites you.
You die...

.........#
.........#
......<..## ..
..........####.#
...............#
...............#.
)....[...$.......
.......<.........
#......@.........
####.###SK.......
.> #......... ...
#......... .#
...........
#.#........8
#.###......+ #
..#...8 ....###


You could see an adder and a kobold.

Vanquished Creatures
  An adder (D:2)
  A worm (D:2)
  2 dart slugs (D:1)
  6 bats (D:2)
  An endoplasm (D:1)
  2 giant cockroaches
  4 goblins
  3 hobgoblins
  2 quokkas (D:2)
  3 ball pythons
  3 frilled lizards (D:2)
  A kobold (D:1)
  2 rats (D:2)
31 creatures vanquished.

Notes
Turn   | Place    | Note
-------+----------+-------------------------------------------
     0 | D:1      | smilodon the Deep Elf Conjurer began the quest for the Orb.
     0 | D:1      | Reached XP level 1. HP: 10/10 MP: 6/6
   538 | D:1      | Reached XP level 2. HP: 15/15 MP: 2/8
   541 | D:1      | Learned a level 2 spell: Poisonous Vapours
   816 | D:1      | Found a faded altar of an unknown god.
  1251 | D:2      | Learned a level 2 spell: Searing Ray
  1538 | D:2      | Reached XP level 3. HP: 19/19 MP: 8/10
  1905 | D:2      | Reached skill level 1 in Poison Magic
  1922 | D:2      | Gained mutation: You do not regenerate when monsters are
                  | visible. [potion of mutation]
  1994 | D:2      | Reached skill level 1 in Air Magic
  2091 | D:3      | Slain by an adder

Illustrated notes

Levels and vault maps discovered:
D:1:      dpeg_arrival_solitude, layout_loops_corners,
          shapermc_ecumenical_altar_totnotflames
D:2:      layout_rooms, minmay_tetromino_l2
D:3:      layout_rooms, jmf_multi_god_temple2, serial_shops,
          nicolae_shop_crystal, nicolae_shop_waterfront

Skill      XL: |  1  2  3 |
---------------+----------+-----
Poison Magic   | 1 |  1.1
Air Magic      | 1 |  1.1
Dodging        | |  2.4
Stealth        | |  2.4
Spellcasting   | |  3.9
Conjurations   | |  4.9

Action                   || total
-------------------------++-------
Melee: Unarmed           ||    11
 Cast: Magic Dart        ||    63
       Poisonous Vapours ||     3
       Searing Ray       ||     2
  Use: Potion            ||     7
       Scroll            ||     3
Armor: Robe              ||     4
Dodge: Dodged            ||    25
